 Dungeon Crawl Stone Soup version 0.17.0-1-g61d176b (webtiles) character file.

359680 Helmschank the Executioner (level 21, -6/193 HPs)
             Began as a Deep Dwarf Necromancer on Nov 7, 2015.
             Was the Champion of Makhleb.
             Shot with a bolt by a yaktaur captain (36 damage)
             ... on level 1 of the Depths on Nov 8, 2015.
             The game lasted 07:34:47 (48571 turns).

Helmschank the Executioner (DDNe)                  Turns: 48571, Time: 07:34:48

Health: -6/193     AC: 20    Str: 24    XL:     21   Next: 46%
Magic:  26/26      EV: 19    Int: 17    God:    Makhleb [******]
Gold:   992        SH:  0    Dex: 22    Spells: 9 memorised, 9 levels left

rFire  + . .     SeeInvis +     w - +9 executioner's axe (elec)
rCold  . . .     Clarity  +     P - +4 scale mail of Jocu {rF+}
rNeg   + + .     SustAt   .     (shield currently unavailable)
rPois  +         Gourm    .     C - +0 helmet
rElec  +         Spirit   .     N - +0 cloak {+Inv}
rCorr  .         Warding  .     j - +0 pair of gloves of Cheibriados's Scorn {+Fly rPois Str+3 Dex+7}
rMut   .         Stasis   .     H - +0 pair of boots {Stlth+}
MR     +++++                    B - amulet of the Four Winds {Clar rN+ MR+++}
Stlth  +++.......               L - ring "Biufraod" {rElec rPois Stlth+}
                                A - ring of see invisible

@: non-regenerating, almost entirely resistant to hostile enchantments, fairly
stealthy
A: damage resistance, recharge devices, agile 1, negative energy resistance 1,
sense surroundings 3, electricity resistance, slow regeneration 3
a: Device Recharging, Minor Destruction, Lesser Servant of Makhleb, Major
Destruction, Greater Servant of Makhleb, Renounce Religion, Evoke Invisibility,
Evoke Flight
}: 2/15 runes: decaying, serpentine


You were on level 1 of the Depths.
You worshipped Makhleb.
Makhleb was exalted by your worship.
You were very full.

You visited 9 branches of the dungeon, and saw 44 of its levels.
You visited the Abyss 1 time.
You also visited: Labyrinth, Sewer and Ice Cave.

You collected 5238 gold pieces.
You spent 4246 gold pieces at shops.

Inventory:

Hand Weapons
 e - a +0 triple crossbow
 q - a +4 hand axe of flaming
 w - a +9 executioner's axe of electrocution (weapon)
Missiles
 s - 32 bolts of penetration
 W - 8 steel bolts
Armour
 j - the +0 pair of gloves of Cheibriados's Scorn (worn) {+Fly rPois Str+3 Dex+7}
   (You found it on level 3 of the Elven Halls)

   It affects your strength (+3).
   It affects your dexterity (+7).
   It protects you from poison.
   It lets you fly.
 C - a +0 helmet (worn)
 H - a +0 pair of boots of stealth (worn)
 N - a +0 cloak of invisibility (worn)
 P - the +4 scale mail of Jocu (worn) {rF+}
   (You found it on level 2 of the Vaults)

   It protects you from fire.
Rods
 r - a +5 iron rod (9/9)
   (You found it on level 8 of the Lair of Beasts)
Jewellery
 k - an uncursed ring of flight
 x - an uncursed ring of protection from magic
 A - a ring of see invisible (left hand)
 B - the amulet of the Four Winds (around neck) {Clar rN+ MR+++}
   (You found it on level 3 of the Elven Halls)

   [amulet of clarity]

   It provides mental clarity.
   It protects you from negative energy.
   It affects your resistance to hostile enchantments.
 I - an uncursed ring of protection from cold
 L - the ring "Biufraod" (right hand) {rElec rPois Stlth+}
   (You bought it in a shop on level 3 of the Vaults)

   [ring of stealth]

   It insulates you from electricity.
   It protects you from poison.
   It makes you more stealthy.
 M - an uncursed amulet of warding
 Q - an uncursed amulet of resist corrosion
 Y - an uncursed ring of protection from fire
Wands
 b - a wand of draining (8)
 c - a wand of heal wounds (5)
 d - a wand of fire (3)
 f - a wand of teleportation (3)
 T - a wand of digging (10)
Scrolls
 m - 3 scrolls of blinking
 o - 14 scrolls of teleportation
 t - 5 scrolls of fog
 u - 23 scrolls of remove curse
 y - 4 scrolls of magic mapping
 E - 2 scrolls of silence
 J - 3 scrolls of recharging
 V - 5 scrolls of fear
 Z - 25 scrolls of identify
Potions
 a - 9 potions of brilliance
 i - 5 potions of resistance
 l - a potion of magic
 n - 8 potions of curing
 p - a potion of cancellation
 v - a potion of berserk rage
 D - 10 potions of flight
 F - 4 potions of agility
 G - 2 potions of haste
 S - 10 potions of heal wounds
 U - a potion of might
Comestibles
 g - 9 chunks of flesh
 O - 20 bread rations


   Skills:
 + Level 12.8 Fighting
 - Level 26.0 Axes
 - Level 3.7(17.0) Maces & Flails
 - Level 7.6 Crossbows
 + Level 13.9 Armour
 - Level 10.0 Dodging
 - Level 2.4 Stealth
   Level 5.0 Shields
 - Level 5.2 Spellcasting
 * Level 9.6 Charms
 - Level 4.6 Necromancy
 - Level 6.0 Translocations
 - Level 13.1 Invocations
 - Level 13.3 Evocations


You had 9 spell levels left.
You knew the following spells:

 Your Spells              Type           Power        Failure   Level  Hunger
a - Portal Projectile     Tloc           ####..       10%         3    ###....
b - Blink                 Tloc           N/A          4%          2    #......
f - Haste                 Chrm           #####...     86%         6    #######
h - Apportation           Tloc           ####......   2%          1    None
v - Vampiric Draining     Necr           ###.......   14%         3    ###....
x - Animate Skeleton      Necr           N/A          6%          1    None
z - Pain                  Necr           ###.         6%          1    None
Q - Swiftness             Chrm/Air       ###.....     8%          2    #......
W - Stoneskin             Trmt/Erth      #.......     45%         2    #......


Dungeon Overview and Level Annotations

Branches:
Dungeon (15/15)            Temple (1/1) D:4            Lair (8/8) D:11
  Swamp (4/4) Lair:5        Snake (4/4) Lair:6        Slime (0/6) Lair:6
    Orc (4/4) D:10            Elf (3/3) Orc:3        Vaults (4/5) D:13
  Crypt (0/3) Vaults:2     Depths (1/5) D:15

Altars:
Ashenzari
Cheibriados
Dithmenos
Elyvilon
Fedhas
Gozag
Kikubaaqudgha
Makhleb
Nemelex Xobeh
Okawaru
Qazlal
Ru
Sif Muna
Trog
Vehumet
Xom
Yredelemnul
Zin
The Shining One
Jiyva

Shops:
D:4 !   D:9 (   Orc:1 *   Orc:4 [:*(?   Elf:1 =   Elf:3 *   Vaults:1 %
Vaults:2 %   Vaults:3 ?=?   Vaults:4 ([*


Innate Abilities, Weirdness & Mutations

You are resistant to damage.
You can recharge devices by infusing magical energy.
You resist negative energy.
You passively map a large area around you.
You do not regenerate naturally.
You are agile. (Dex +2)
You are resistant to electric shocks.


Message History

A yaktaur captain comes into view.
The yaktaur shouts!
The yaktaur shoots a bolt.
The bolt hits you.
The yaktaur wields an arbalest.
The yaktaur shoots a bolt.
The bolt barely misses you.
The yaktaur shoots a bolt of flame.
The bolt of flame hits you!!
* * * LOW HITPOINT WARNING * * *
The bolt of flame burns you.
* * * LOW HITPOINT WARNING * * *
A stone giant comes into view.
Things that are here:
a bolt of flame; 2 bolts; a potion of haste
G - 2 potions of haste (gained 1)
The yaktaur captain shouts!
The stone giant shouts!
The stone giant throws a large rock.
The large rock hits you!!!
* * * LOW HITPOINT WARNING * * *
A yaktaur comes into view.
The yaktaur shoots a bolt.
The bolt barely misses you.
The yaktaur captain wields an arbalest.
The yaktaur captain shoots a bolt.
The bolt hits you!!!
You die...

,, , ≈.#$....# , ,
≈≈§≈≈≈..≈O..#≈..., ,
≈ ≈≈≈≈≈≈≈≈≈≈≈≈≈≈≈. .
, ≈ ≈≈≈.≈§≈.≈≈≈≈≈§≈
≈≈ ≈ ≈ ≈
§.#.v#.[≈≈≈≈≈≈≈§≈≈ ≈
.........#≈≈##.≈≈#**
≈ ,
.........#........
≈≈ ≈, ,
,................#.
,, ≈ , ,,
+#....(#@<....... *
, ,
#.....(.((........ ,
,, ,
#................. ,
,*##.)......#.......
* * * ,,
*,.............>....
, , **+
....#............. *
....#............. ,
,, *+ ..T
#...cc.cc.cC..,,,,
,, #..ccc....... ,,


You could see a stone giant, a yaktaur captain, 4 yaktaurs and a two-headed
ogre.

Vanquished Creatures
  Mara (Elf:3)
  Mennas (Vaults:2)
  Jorgrun (Swamp:2)
  Rupert (Orc:3)
  Asterion (Vaults:3)
  2 deep elf blademasters (Elf:3)
  2 deep elf master archers (Elf:3)
  A sphinx (Vaults:1)
  A tengu reaver (Vaults:2)
  A thorn hunter (Swamp:1)
  3 fire giants
  A frost giant (Vaults:4)
  4 deep elf sorcerers
  9 greater nagas
  Aizul (Snake:2)
  11 vault wardens
  8 stone giants
  13 ironheart preservers
  A very ugly thing (Vaults:1)
  A salamander stormcaller (Vaults:3)
  5 dire elephants (Lair:8)
  10 deep elf annihilators
  7 deep elf demonologists
  2 ettins
  A minotaur (Lab)
  11 deep elf death magi
  5 yaktaur captains
  4 fire dragons
  14 vault guards
  A great orb of eyes (Vaults:3)
  16 hydras
  Fannar (Lair:1)
  Harold (Orc:3)
  2 ghost crabs (Swamp:3)
  17 naga warriors
  An ice dragon (Vaults:3)
  A catoblepas (Lair:5)
  15 dancing weapons (Elf:2)
  17 anacondas
  8 ogre magi
  A catoblepas (shapeshifter) (Vaults:1)
  A thrashing horror (Abyss:1)
  12 centaur warriors
  A queen ant (Lair:3)
  2 deep troll earth magi
  A deep troll shaman (Vaults:1)
  An orc high priest (Orc:4)
  6 death yaks (Lair:5)
  9 naga sharpshooters
  17 deep elf knights
  A wizard (D:10)
  3 salamander mystics (Snake:4)
  8 shock serpents
  5 skeletal warriors (Vaults:1)
  2 spriggan druids
  9 deep trolls
  A flayed ghost (Vaults:3)
  6 swamp dragons
  3 lindwurms (Snake:4)
  A giant orange brain (Vaults:3)
  3 unseen horrors
  10 ice devils (IceCv)
  6 deep elf summoners
  11 naga ritualists
  A shambling mangrove (Swamp:4)
  8 hill giants
  17 mana vipers
  6 cyclopes
  20 ironbrand convokers
  12 orc knights
  2 harpies
  2 orb spiders (shapeshifter)
  15 deep elf conjurers
  A necromancer (Vaults:3)
  5 orc sorcerers
  2 hornets
  25 ugly things
  5 salamanders
  6 wolf spiders
  2 manticores
  A wolf spider zombie (D:15)
  A hornet (shapeshifter) (Vaults:2)
  An oklob plant (Lair:8)
  6 griffons
  10 elephants
  A guardian serpent (shapeshifter) (Vaults:4)
  Joseph (D:9)
  12 vault sentinels
  30 black mambas
  2 ice statues (IceCv)
  2 torpor snails (Lair:5)
  14 naga magi
  5 guardian serpents
  Psyche (D:9)
  7 large abominations
  An orange demon (Abyss:1)
  A kobold demonologist (Vaults:3)
  3 centaur skeletons
  A gargoyle (D:11)
  A yaktaur (shapeshifter) (D:14)
  9 komodo dragons
  12 spiny frogs
  A jumping spider (shapeshifter) (Vaults:2)
  A tengu conjurer (D:15)
  An anaconda simulacrum (IceCv)
  11 deep elf priests
  9 freezing wraiths
  2 fire drakes
  6 trolls
  2 polar bears
  21 yaktaurs
  3 blue devils (IceCv)
  7 giant leeches
  A polar bear (shapeshifter) (D:15)
  Prince Ribbit (D:8)
  A queen bee (shapeshifter) (Vaults:4)
  A trapdoor spider zombie (D:10)
  6 boulder beetles
  5 bog bodies
  9 two-headed ogres
  15 blink frogs
  3 raiju (Abyss:1)
  26 slime creatures
  14 yaks
  19 deep elf magi
  A shadow (Swamp:1)
  34 deep elf fighters
  6 redbacks
  A ynoxinul (Abyss:1)
  2 hogs (D:12)
  A spriggan (shapeshifter) (Elf:1)
  3 hungry ghosts
  2 basilisks
  2 mottled dragons
  13 wolves
  37 vampire mosquitoes
  10 hippogriffs
  A neqoxec (Abyss:1)
  24 swamp worms
  30 nagas
  20 soldier ants (Lair:3)
  4 insubstantial wisps (Swamp:1)
  4 wargs
  5 porcupines
  15 water moccasins
  4 sky beasts
  A sky beast (shapeshifter) (Vaults:2)
  An ice beast (shapeshifter) (D:15)
  5 wasps
  A soldier ant (shapeshifter) (Vaults:3)
  5 swamp drakes
  A phantom (D:14)
  6 boggarts
  44 orc warriors
  3 eyes of draining
  11 crocodiles
  3 big kobolds
  45 ogres
  26 centaurs
  15 giant frogs
  A brain worm (D:14)
  A giant frog (shapeshifter) (Vaults:1)
  2 scorpions
  12 small abominations
  10 wights
  2 electric eels (Lair:2)
  4 killer bees (D:14)
  6 crimson imps
  2 centaur zombies
  A wasp zombie (D:11)
  3 giant frog zombies
  6 hounds
  A giant frog skeleton (D:6)
  21 orc priests
  3 jellies
  21 orc wizards
  A gnoll shaman (D:3)
  A quasit (D:12)
  34 worker ants
  6 iguanas
  20 sheep
  A hound zombie (D:9)
  3 worker ant zombies
  30 gnolls
  9 adders
  40 river rats
  3 shadow imps
  8 white imps (Snake:2)
  An ufetubus (Abyss:1)
  6 oozes
  2 worms
  8 giant geckos
  185 orcs
  A ball python (Sewer)
  7 bats
  11 hobgoblins
  15 kobolds
  3 quokkas
  7 giant cockroaches
  3 giant newts
  4 goblins
  20 jackals
  A jackal zombie (D:5)
  7 rats
  2 crawling corpses (Elf:3)
  5 fungi
  4 plants
1669 creatures vanquished.

Vanquished Creatures (collateral kills)
  Saint Roka (Elf:3)
  An Ice Fiend (IceCv)
  Frances (Snake:2)
  Kirke (D:12)
  A deep elf sorcerer (Vaults:1)
  3 ironheart preservers
  A stone giant (Vaults:2)
  A deep elf annihilator (Elf:3)
  A dire elephant (Lair:8)
  2 deep elf demonologists (Vaults:1)
  A minotaur (Lair:8)
  A fire dragon (Vaults:2)
  A vault guard (D:13)
  A naga warrior (Snake:2)
  3 hydras (Swamp:4)
  2 alligators (Swamp:2)
  A centaur warrior (D:15)
  A deep troll earth mage (Vaults:1)
  6 anacondas
  2 ogre magi (D:15)
  A naga sharpshooter (Snake:3)
  2 shock serpents
  A salamander mystic (Snake:4)
  A deep troll (Vaults:1)
  3 swamp dragons (Swamp:4)
  A spriggan druid (Swamp:3)
  A naga ritualist (Snake:2)
  A wizard (Vaults:1)
  A deep elf knight (Elf:1)
  7 harpies (Vaults:1)
  2 ugly things (Vaults:1)
  An oklob plant (Lair:8)
  2 mana vipers
  2 deep elf conjurers (Vaults:1)
  A lindwurm (Snake:4)
  A wolf spider (Vaults:3)
  A hornet (Swamp:4)
  A griffon (Lair:7)
  A guardian serpent (Snake:4)
  A sixfirhy (Swamp:4)
  9 black mambas
  3 elephants
  An ice statue (IceCv)
  2 spiny frogs
  2 vault sentinels (Vaults:1)
  2 centaur skeletons
  A naga mage (Snake:4)
  An orange demon (Swamp:4)
  3 komodo dragons
  2 fire drakes
  A troll (Vaults:1)
  A deep elf priest (Vaults:4)
  2 two-headed ogres
  3 blink frogs
  A shadow (Swamp:1)
  A small abomination (D:10)
  2 basilisks
  4 vampire mosquitoes
  A yak (shapeshifter) (Vaults:1)
  A mottled dragon (Vaults:1)
  2 wolves (Lair:8)
  A hippogriff (Lair:7)
  7 yaks
  2 porcupines (Lair:7)
  5 swamp worms
  10 nagas
  5 swamp drakes (Swamp:4)
  A wasp (Swamp:1)
  An ettin simulacrum (IceCv)
  7 orc warriors
  5 ogres
  Blork the orc (D:4)
  2 crocodiles (Lair:8)
  2 wights (D:13)
  A gnoll sergeant (D:4)
  2 scorpions
  2 crimson imps
  A jelly (D:13)
  Crazy Yiuf (D:4)
  3 orc wizards
  A worker ant (D:6)
  An adder (Sewer)
  20 gnolls (D:4)
  8 river rats
  4 white imps (Snake:2)
  An adder skeleton (D:6)
  A worm (Sewer)
  15 orcs
  5 jackals
  A kobold (D:6)
  2 bats (Sewer)
  A giant newt (D:4)
  A crawling corpse (Elf:3)
  4 fungi
  A plant (Lair:3)
234 creatures vanquished.

Vanquished Creatures (others)
  An ogre mage (Vaults:2)
  A deep elf knight (Elf:1)
  An ironbrand convoker (Vaults:1)
  An ugly thing (D:13)
  An orc warrior (Vaults:2)
  An ogre (Vaults:2)
  2 centaurs
  5 sheep (D:13)
  A quokka (D:4)
  23 fungi
  8 plants
45 creatures vanquished.

Grand Total: 1948 creatures vanquished

Notes
Turn   | Place    | Note
--------------------------------------------------------------
     0 | D:1      | Helmschank the Deep Dwarf Necromancer began the quest for the Orb.
     0 | D:1      | Reached XP level 1. HP: 15/15 MP: 3/3
   344 | D:1      | Learned a level 1 spell: Animate Skeleton
   420 | D:1      | Reached XP level 2. HP: 22/24 MP: 2/4
   799 | D:1      | Reached skill level 1 in Maces & Flails
  1180 | D:2      | Reached skill level 1 in Fighting
  1234 | D:2      | Reached XP level 3. HP: 27/31 MP: 2/5
  1789 | D:3      | Found a faded altar to an unknown god.
  1907 | D:3      | Found a shadowy altar of Dithmenos.
  1912 | D:3      | Found a blossoming altar of Fedhas.
  2151 | D:3      | Reached XP level 4. HP: 30/38 MP: 2/6
  2195 | D:3      | Found a glowing drain.
  2229 | Sewer    | Entered a sewer
  2892 | Sewer    | Reached XP level 5. HP: 35/44 MP: 6/6
  3502 | D:3      | Reached skill level 1 in Armour
  4118 | D:4      | Found Ynlia's Distillery.
  4123 | D:4      | Bought a potion of brilliance for 52 gold pieces
  4123 | D:4      | Bought a potion of resistance for 130 gold pieces
  4123 | D:4      | Bought a potion of degeneration for 13 gold pieces
  4123 | D:4      | Bought a potion of curing for 39 gold pieces
  4133 | D:4      | Learned a level 3 spell: Vampiric Draining
  4166 | D:4      | Reached skill level 1 in Axes
  4384 | D:4      | Found a glowing silver altar of Zin.
  4385 | D:4      | Found an opulent altar of Gozag.
  4389 | D:4      | Found a snail-covered altar of Cheibriados.
  4461 | D:4      | Found a staircase to the Ecumenical Temple.
  4473 | Temple   | Entered the Ecumenical Temple
  4545 | D:4      | Found a white marble altar of Elyvilon.
  4552 | D:4      | Reached XP level 6. HP: 33/52 MP: 4/7
  4683 | D:4      | Noticed Crazy Yiuf
  4707 | D:4      | Killed Crazy Yiuf
  4880 | D:4      | Your ally Crazy Yiuf died
  5635 | D:4      | Reached XP level 7. HP: 46/61 MP: 6/8
  5833 | D:4      | Noticed Blork the orc
  5849 | D:4      | Killed Blork the orc
  5994 | D:4      | Your ally Blork died
  6457 | D:4      | Reached skill level 5 in Axes
  6702 | D:5      | Entered Level 5 of the Dungeon
  6731 | D:5      | Got a spiked ring mail
  6742 | D:5      | Identified the +8 ring mail of Zin's Hope {rElec rC- Regen+ Slay+6} (You found it on level 5 of the Dungeon)
  6985 | D:5      | Reached XP level 8. HP: 54/72 MP: 7/7
  7055 | D:5      | Reached skill level 1 in Evocations
  7110 | D:5      | Reached skill level 6 in Axes
  7769 | D:6      | Reached skill level 7 in Axes
  7823 | D:6      | Found a burning altar of Makhleb.
  7830 | D:6      | Became a worshipper of Makhleb the Destroyer
  8189 | D:7      | Reached skill level 8 in Axes
  8189 | D:7      | Reached skill level 5 in Armour
  8263 | D:7      | Found a glowing golden altar of the Shining One.
  8437 | D:7      | Found an iron altar of Okawaru.
  8437 | D:7      | Found a deep blue altar of Sif Muna.
  8437 | D:7      | Found a sparkling altar of Nemelex Xobeh.
  8625 | D:8      | Gained mutation: You passively map the area around you. [Deep Dwarf growth]
  8625 | D:8      | Reached XP level 9. HP: 50/78 MP: 9/9
  8671 | D:8      | Gained mutation: You are resistant to electric shocks. [potion of beneficial mutation]
  9122 | D:8      | Reached * piety under Makhleb
  9133 | D:8      | Noticed Prince Ribbit
  9144 | D:8      | Killed Prince Ribbit
  9144 | D:8      | Reached skill level 5 in Evocations
  9305 | D:8      | Your ally Prince Ribbit died
  9457 | D:9      | Noticed Joseph
  9480 | D:9      | Killed Joseph
  9480 | D:9      | Reached skill level 9 in Axes
  9560 | D:9      | Found Saoxa's Antique Weapon Boutique.
  9639 | D:9      | Noticed Psyche
  9644 | D:9      | Killed Psyche
  9646 | D:9      | Reached skill level 10 in Axes
  9661 | D:9      | Got a translucent hunting sling
  9807 | D:9      | Your ally Psyche died
  9921 | D:9      | Found a blossoming altar of Fedhas.
  9989 | D:9      | Reached XP level 10. HP: 82/85 MP: 12/12
 10107 | D:10     | Entered Level 10 of the Dungeon
 10173 | D:10     | Reached ** piety under Makhleb
 10229 | D:10     | Noticed a wizard
 10238 | D:10     | Killed a wizard
 10254 | D:10     | Noticed a large abomination
 10256 | D:10     | Reached skill level 11 in Axes
 10286 | D:10     | Killed a large abomination
 10414 | D:10     | Found a staircase to the Orcish Mines.
 10418 | D:10     | Reached *** piety under Makhleb
 10549 | D:10     | Noticed a hill giant
 10589 | D:10     | Killed a hill giant
 10589 | D:10     | Reached skill level 12 in Axes
 10717 | D:10     | Noticed a hill giant
 10740 | D:10     | Killed a hill giant
 10740 | D:10     | Reached XP level 11. HP: 56/92 MP: 14/14
 11053 | D:11     | Reached **** piety under Makhleb
 11156 | D:11     | Found a labyrinth entrance.
 11164 | D:11     | Found a staircase to the Lair.
 11196 | Lab      | Entered a labyrinth
 11563 | Lab      | Noticed a minotaur
 11576 | Lab      | Killed a minotaur
 11884 | D:11     | Killed an unseen horror
 11884 | D:11     | Reached skill level 13 in Axes
 11884 | D:11     | Reached skill level 5 in Dodging
 11884 | D:11     | Reached skill level 10 in Evocations
 12186 | Orc:1    | Entered Level 1 of the Orcish Mines
 12355 | Orc:2    | Reached ***** piety under Makhleb
 12375 | Orc:2    | Reached skill level 1 in Shields
 12829 | Orc:1    | Found Lapruj's Assorted Antiques.
 12838 | Orc:1    | Bought 2 potions of heal wounds for 280 gold pieces
 13164 | Orc:3    | Noticed Rupert
 13212 | Orc:3    | Killed Rupert
 13225 | Orc:3    | Found a staircase to the Elven Halls.
 13491 | Orc:3    | Noticed Harold
 13550 | Orc:3    | Killed Harold
 13550 | Orc:3    | Reached skill level 14 in Axes
 13550 | Orc:3    | Reached skill level 5 in Shields
 13550 | Orc:3    | Reached XP level 12. HP: 76/99 MP: 15/15
 13758 | Orc:3    | Reached ****** piety under Makhleb
 14166 | Orc:4    | Entered Level 4 of the Orcish Mines
 14361 | Lair:1   | Entered Level 1 of the Lair of Beasts
 14626 | Lair:1   | Reached skill level 1 in Invocations
 14944 | Lair:1   | Noticed Fannar
 14971 | Lair:1   | Killed Fannar
 14971 | Lair:1   | Reached skill level 5 in Fighting
 15214 | Lair:2   | Noticed a seven-headed hydra
 15269 | Lair:2   | Killed a seven-headed hydra
 15346 | Lair:2   | Gained mutation: You are agile. (Dex +2) [potion of beneficial mutation]
 15404 | Lair:2   | Got a transparent scale mail
 15415 | Lair:2   | Identified the +4 scale mail "Araaniporch" {Regen+} (You found it on level 2 of the Lair of Beasts)
 16080 | Lair:3   | Reached skill level 5 in Invocations
 16188 | Lair:3   | Reached skill level 15 in Axes
 16421 | Lair:3   | Noticed a four-headed hydra
 16428 | Lair:3   | Killed a four-headed hydra
 16432 | Lair:3   | Noticed an eight-headed hydra
 16439 | Lair:3   | Killed a ten-headed hydra
 16444 | Lair:3   | Reached XP level 13. HP: 111/115 MP: 16/16
 16460 | Lair:3   | Found an iron altar of Okawaru.
 16602 | Lair:3   | Noticed a seven-headed hydra
 16616 | Lair:3   | Killed a seven-headed hydra
 17259 | Lair:4   | Identified a scroll of acquirement
 17260 | Lair:4   | Got a smoking longbow
 18182 | Lair:5   | Found a staircase to the Swamp.
 18340 | Lair:5   | Found a snail-covered altar of Cheibriados.
 18694 | Lair:5   | Reached skill level 16 in Axes
 19035 | Lair:6   | Reached skill level 10 in Invocations
 19156 | Lair:6   | Found a staircase to the Snake Pit.
 19390 | Lair:6   | Found a staircase to the Slime Pits.
 19391 | Lair:6   | Found a viscous altar of Jiyva.
 20193 | Lair:7   | Gained mutation: You resist negative energy. [Deep Dwarf growth]
 20193 | Lair:7   | Reached XP level 14. HP: 127/129 MP: 18/18
 20602 | Lair:8   | Entered Level 8 of the Lair of Beasts
 20826 | Lair:8   | Reached skill level 10 in Armour
 21045 | Lair:8   | Got a spiked cloak
 21056 | Lair:8   | Identified the +0 cloak of Pathos {+Blink rC- MP+9 Dex+2} (You found it on level 8 of the Lair of Beasts)
 22417 | Orc:4    | Found Tyrakej's Antique Armour Shoppe.
 22449 | Orc:4    | Bought a glowing cloak for 166 gold pieces
 22449 | Orc:4    | Bought a pair of glowing gloves for 166 gold pieces
 22973 | Orc:4    | Found Netec's General Store.
 22973 | Orc:4    | Found Noun's Antique Weapon Boutique.
 22976 | Orc:4    | Found Lyshri's Magic Scroll Shop.
 22979 | Orc:4    | Found Bioxt's Book Emporium.
 22986 | Orc:4    | Bought a glowing battleaxe for 253 gold pieces
 23172 | Orc:4    | Bought a scroll of brand weapon for 360 gold pieces
 23172 | Orc:4    | Bought a scroll of fear for 63 gold pieces
 23211 | Orc:4    | Bought a +2 pair of gloves of archery for 344 gold pieces
 23214 | Orc:4    | Bought a scroll of recharging for 171 gold pieces
 23214 | Orc:4    | Bought a scroll of enchant armour for 135 gold pieces
 23315 | Orc:1    | Bought a glowing hand axe for 84 gold pieces
 23537 | D:12     | Noticed Kirke
 23564 | D:12     | Killed Kirke
 23564 | D:12     | Reached skill level 1 in Crossbows
 23751 | D:12     | Your ally Kirke died
 24314 | D:13     | Found a gate to the Vaults.
 24386 | D:13     | Reached XP level 15. HP: 101/136 MP: 20/20
 24594 | D:13     | Found a shimmering altar of Xom.
 25145 | D:14     | Found a sparkling altar of Nemelex Xobeh.
 25480 | D:14     | Reached skill level 17 in Axes
 25801 | D:15     | Entered Level 15 of the Dungeon
 26029 | D:15     | Reached skill level 10 in Fighting
 26200 | D:15     | Found a staircase to the Depths.
 26336 | D:15     | Learned a level 2 spell: Blink
 27097 | Swamp:1  | Entered Level 1 of the Swamp
 27181 | Swamp:1  | Reached skill level 5 in Crossbows
 27241 | Swamp:1  | Noticed a thorn hunter
 27249 | Swamp:1  | Killed a thorn hunter
 27249 | Swamp:1  | Reached skill level 1 in Translocations
 27455 | Swamp:1  | Reached skill level 18 in Axes
 28018 | Swamp:2  | Noticed Jorgrun
 28029 | Swamp:2  | Killed Jorgrun
 28855 | Swamp:3  | Noticed a spectral shard shrike
 29068 | Swamp:3  | Reached XP level 16. HP: 146/146 MP: 21/21
 29071 | Swamp:3  | Reached skill level 5 in Translocations
 29777 | Snake:1  | Entered Level 1 of the Snake Pit
 29967 | Snake:1  | Reached skill level 19 in Axes
 30756 | Snake:2  | Noticed Frances
 30773 | Snake:2  | Killed Frances
 30775 | Snake:2  | Found a radiant altar of Vehumet.
 30779 | Snake:2  | Identified the Reference Book on Ashen Enchantment
 30915 | Snake:2  | Reached skill level 20 in Axes
 31002 | Snake:2  | Noticed Aizul
 31018 | Snake:2  | Killed Aizul
 31201 | Snake:2  | Found a frozen archway.
 31251 | IceCv    | Entered an ice cave
 31663 | IceCv    | Noticed an Ice Fiend
 31744 | IceCv    | Killed an Ice Fiend
 32737 | Snake:3  | Reached XP level 17. HP: 143/157 MP: 22/22
 33854 | Swamp:4  | Entered Level 4 of the Swamp
 34154 | Swamp:4  | Reached skill level 21 in Axes
 34189 | Swamp:4  | Got a decaying rune of Zot
 34884 | Snake:4  | Entered Level 4 of the Snake Pit
 34884 | Snake:4  | Found a basalt altar of Yredelemnul.
 35361 | Snake:4  | Got a serpentine rune of Zot
 35567 | Snake:4  | Gained mutation: You passively map a large area around you. [Deep Dwarf growth]
 35567 | Snake:4  | Reached XP level 18. HP: 151/168 MP: 23/23
 35651 | Snake:4  | Reached skill level 22 in Axes
 35697 | Snake:4  | Reached skill level 10 in Dodging
 35827 | Snake:4  | Got an ancient steel ring
 35828 | Snake:4  | Identified the ring of Fuabb {+Blink rF- Dex+3 Stlth+} (You took it off a naga warrior on level 4 of the Snake Pit)
 36674 | Vaults:1 | Entered Level 1 of the Vaults
 36899 | Vaults:1 | Reached skill level 23 in Axes
 37030 | Vaults:1 | Found Sapp's Food Emporium.
 38439 | Vaults:2 | Got an ichor-stained scale mail
 38440 | Vaults:2 | Identified the +4 scale mail of Jocu {rF+} (You found it on level 2 of the Vaults)
 38517 | Vaults:2 | Noticed Mennas
 38711 | Vaults:2 | Reached XP level 19. HP: 113/175 MP: 24/24
 38981 | Vaults:2 | Found Elaub's Food Emporium.
 38984 | Vaults:2 | Reached skill level 24 in Axes
 39459 | Vaults:2 | Found a staircase to the Crypt.
 39459 | Vaults:2 | Found an ancient bone altar of Kikubaaqudgha.
 39523 | Vaults:2 | Killed Mennas
 39736 | Vaults:2 | Found a basalt altar of Yredelemnul.
 40050 | Orc:4    | Bought a book of Enchantments for 700 gold pieces
 40058 | Orc:4    | Bought a potion of heal wounds for 80 gold pieces
 40260 | D:4      | Bought a potion of berserk rage for 65 gold pieces
 40260 | D:4      | Bought 2 potions of heal wounds for 130 gold pieces
 40260 | D:4      | Bought a potion of heal wounds for 65 gold pieces
 40469 | Lair:1   | Learned a level 6 spell: Haste
 40687 | Vaults:3 | Reached skill level 1 in Charms
 40914 | Vaults:3 | You fall through a shaft!
 40965 | Vaults:4 | Found Waotteik's Gadget Emporium.
 41351 | Vaults:3 | Found Myuxut's Magic Scroll Emporium.
 41392 | Vaults:3 | Bought a scroll of enchant weapon for 105 gold pieces
 41401 | Vaults:3 | Found Affisme's Jewellery Boutique.
 41401 | Vaults:3 | Noticed Asterion
 41414 | Vaults:3 | Killed Asterion
 41414 | Vaults:3 | Reached XP level 20. HP: 183/183 MP: 25/25
 41422 | Vaults:3 | Bought the ring "Biufraod" {rElec rPois Stlth+} for 571 gold pieces
 41561 | Vaults:3 | Your ally Asterion died
 41632 | Vaults:2 | Reached skill level 5 in Charms
 41786 | Vaults:3 | Found Kairr's Magic Scroll Emporium.
 42074 | Vaults:3 | Reached skill level 5 in Spellcasting
 42239 | Vaults:4 | Found Epiunob's Assorted Antiques.
 42317 | Vaults:4 | Reached skill level 25 in Axes
 43057 | Vaults:4 | Found Awoe's Armour Shop.
 43166 | Vaults:4 | Found Pucvoudi's Antique Weapon Emporium.
 44115 | Elf:1    | Entered Level 1 of the Elven Halls
 44566 | Elf:1    | Learned a level 1 spell: Apportation
 44575 | Elf:1    | Learned a level 3 spell: Portal Projectile
 44817 | Elf:1    | Found Wilaz's Jewellery Boutique.
 44831 | Elf:1    | Bought an uncursed ring of see invisible for 225 gold pieces
 45710 | Elf:2    | Found a runed gate.
 45710 | Elf:2    | Found a runed gate.
 45710 | Elf:2    | Found a runed gate.
 46023 | Elf:2    | Reached skill level 26 in Axes
 46233 | Elf:2    | Cast into the Abyss (bardiche of distortion)
 46233 | Abyss:1  | Found a corrupted altar of Lugonu.
 46308 | Abyss:1  | Found a corrupted altar of Lugonu.
 46346 | Abyss:1  | Found a corrupted altar of Lugonu.
 46485 | Elf:2    | Escaped the Abyss
 46668 | Elf:2    | Reached XP level 21. HP: 183/190 MP: 26/26
 46771 | Elf:3    | Entered Level 3 of the Elven Halls
 46785 | Elf:3    | Noticed Mara
 46791 | Elf:3    | Noticed Helmschank's illusion
 46799 | Elf:3    | Killed Mara
 46922 | Elf:3    | Got an ancient platinum ring
 46923 | Elf:3    | Identified the ring of Ydul {rElec Int+3} (You found it on level 3 of the Elven Halls)
 47074 | Elf:3    | Noticed Saint Roka
 47088 | Elf:3    | Killed Saint Roka
 47273 | Elf:3    | Found Cerir's General Store.
 47281 | Elf:3    | Your ally Saint Roka died
 47291 | Elf:3    | Bought a cursed ring of loudness for 49 gold pieces
 48060 | Elf:3    | Identified the Handbook of the Birds
 48064 | Elf:3    | Learned a level 2 spell: Swiftness
 48093 | Elf:3    | Identified the Compendium of the Traveller (You found it on level 3 of the Elven Halls)
 48112 | Elf:3    | Got a pair of translucent gloves
 48113 | Elf:3    | Identified the +0 pair of gloves of Cheibriados's Scorn {+Fly rPois Str+3 Dex+7} (You found it on level 3 of the Elven Halls)
 48133 | Elf:3    | Identified the Reference Book on Earth
 48137 | Elf:3    | Learned a level 2 spell: Stoneskin
 48564 | Depths:1 | Entered Level 1 of the Depths
 48571 | Depths:1 | Shot with a bolt by a yaktaur captain

Action                   |  1- 3 |  4- 6 |  7- 9 | 10-12 | 13-15 | 16-18 | 19-21 || total
-------------------------+-------+-------+-------+-------+-------+-------+-------++-------
Melee: Unarmed           |     9 |       |       |       |       |       |       ||     9
       Club              |    37 |   157 |       |       |       |       |       ||   194
       Hand axe          |       |   163 |    57 |   119 |    35 |    77 |       ||   451
       War axe           |       |       |   229 |   644 |   710 |       |       ||  1583
       Battleaxe         |       |       |       |       |   507 |   599 |       ||  1106
       Executioner's axe |       |       |       |       |       |   344 |  1021 ||  1365
       Broad axe         |       |       |       |       |       |   234 |       ||   234
 Fire: Blowgun           |       |       |    12 |    11 |       |       |       ||    23
       Arbalest          |       |       |       |       |   104 |   119 |     8 ||   231
       Triple crossbow   |       |       |       |       |       |       |    46 ||    46
Throw: Stone             |     9 |    44 |       |       |       |       |       ||    53
       Tomahawk          |       |    15 |    20 |    37 |    25 |       |       ||    97
       Throwing net      |       |     1 |     1 |       |       |       |       ||     2
 Cast: Pain              |    65 |   108 |     3 |       |       |       |       ||   176
       Animate Skeleton  |    10 |    26 |    55 |    85 |   164 |   140 |   156 ||   636
       Vampiric Draining |       |    10 |    11 |       |       |       |       ||    21
       Portal Projectile |       |       |       |       |       |       |     1 ||     1
Invok: Greater Servant o |       |       |       |       |     1 |     8 |     1 ||    10
       Major Destruction |       |       |       |       |       |     2 |       ||     2
 Abil: Device Recharging |       |     1 |     2 |     1 |       |       |       ||     4
Evoke: Wand              |     1 |     7 |     8 |    42 |    27 |    17 |     4 ||   106
       Rod               |       |       |       |       |     3 |       |     1 ||     4
  Use: Potion            |       |     4 |     1 |     5 |     1 |     6 |     4 ||    21
       Scroll            |       |    10 |    13 |     9 |    14 |    19 |    12 ||    77
 Stab: Sleeping          |     1 |     2 |     2 |     8 |    11 |     1 |    11 ||    36
       Distracted        |       |     1 |     1 |     3 |    16 |    14 |    14 ||    49
       Held in net/web   |       |       |     1 |       |       |       |       ||     1
  Eat: Chunk             |     5 |     8 |    20 |    30 |    59 |    44 |    31 ||   197
       Meat ration       |       |     1 |       |       |       |       |       ||     1
       Bread ration      |       |     1 |       |       |       |       |       ||     1
       Beef jerky        |       |       |       |     1 |       |       |       ||     1
       Fruit             |       |       |       |       |       |       |     1 ||     1
